 Dungeon Crawl Stone Soup version 0.21.1-1-g345015f (webtiles) character file.

142 wojtek the Chopper (level 5, -7/45 HPs)
             Began as a Minotaur Fighter on June 15, 2018.
             Mangled by an ogre
             ... wielding a +0 giant club
              (27 damage)
             ... on level 3 of the Dungeon on June 17, 2018.
             The game lasted 00:03:12 (2257 turns).

wojtek the Chopper (Minotaur Fighter)               Turns: 2257, Time: 00:03:12

Health: -7/45      AC:  9    Str: 24    XL:     5   Next: 3%
Magic:  4/4        EV:  5    Int:  5    God:
Gold:   155        SH:  9    Dex: 10    Spells: 4/4 levels left

rFire    . . .     SeeInvis .   a - +0 war axe
rCold    . . .     Gourm    .   c - +0 shield
rNeg     . . .     Faith    .   o - +0 chain mail
rPois    .         Spirit   .   (helmet restricted)
rElec    .         Reflect  .   (no cloak)
rCorr    .         Harm     .   (no gloves)
MR       .....                  (no boots)
Stlth    ..........             (no amulet)
HPRegen  0.15/turn              g - +3 ring of strength
MPRegen  0.09/turn              (no ring)

@: no status effects
A: retaliatory headbutt, horns 2
a: no special abilities


You were on level 3 of the Dungeon.
You were very hungry.

You visited 1 branch of the dungeon, and saw 4 of its levels.

You collected 155 gold pieces.

Inventory:

Hand Weapons
 a - a +0 war axe (weapon)
Armour
 c - a +0 shield (worn)
 o - a +0 chain mail (worn)
Jewellery
 g - a +3 ring of strength (left hand)
Scrolls
 b - 4 scrolls of immolation {unknown}
 e - a scroll of blinking {unknown}
 h - a scroll of amnesia {unknown}
 j - a scroll of random uselessness {unknown}
 k - a scroll of enchant weapon {unknown}
 l - 2 scrolls of enchant armour {unknown}
 n - a scroll of identify {unknown}
 p - a scroll of teleportation {unknown}
 r - a scroll of fog {unknown}
Potions
 d - 2 potions of might
 m - a potion of degeneration {unknown}
 q - a potion of curing {unknown}
Comestibles
 f - 7 rations


   Skills:
 + Level 3.6 Fighting
 + Level 6.4 Axes
 + Level 3.6 Armour
 + Level 0.0 Dodging
 + Level 3.6 Shields


You had 4 spell levels left.
You didn't know any spells.

Dungeon Overview and Level Annotations

Branches:
Dungeon (4/15)
 Temple: D:4-7

Altars:
Uskayaw
Vehumet

Shops:
D:4 !


Innate Abilities, Weirdness & Mutations

You reflexively headbutt those who attack you in melee.
You have a pair of horns on your head.


Message History

There isn't anything here!
You start resting.
HP restored.
There is a stone staircase leading down here.
You climb downwards.
The quokka skeleton bites you but does no damage.
The ogre hits you with a giant club!
The quokka skeleton bites you but does no damage.
There is a stone staircase leading up, spattered with blood here.
You block the quokka skeleton's attack. The ogre barely misses you.
You climb upwards.
There is a stone staircase leading down here.
You hit the ogre. You headbutt the ogre.
The ogre is moderately wounded.
The ogre hits you with a giant club!
Your shield and chain mail prevent you from hitting the ogre.
The ogre is moderately wounded.
The ogre hits you with a giant club!!
Ouch! That really hurt!
You die...

#..... #..### #..#
#..# #..# #
####### #..# #
#.....# #..#
##########.....###
#<.###
.........'.....'@#
####.)..
#######.##.....#O#
######....### ##
#.##.....#.#
#........#### .#
#.##.....#.#
#...(...('.). .##
#.##.....#.#
#........#### ..#
#.##.....#.#
#........# #.#
#.##.....#.#
#........# #.#
#########..#.#
#........# #.#
#...#...####.#
#........##


You could see an ogre.

Vanquished Creatures
  An orc priest (D:3)
  A worker ant (D:3)
  An adder (D:2)
  4 oozes
  2 worms
  A leopard gecko (D:2)
  4 orcs (D:3)
  4 giant cockroaches
  10 goblins
  5 hobgoblins
  5 kobolds
  6 bats
  3 frilled lizards
  5 rats
52 creatures vanquished.

Notes
Turn   | Place    | Note
-------+----------+-------------------------------------------
     0 | D:1      | wojtek the Minotaur Fighter began the quest for the Orb.
     0 | D:1      | Reached XP level 1. HP: 19/19 MP: 0/0
    72 | D:1      | Reached skill level 3 in Axes
   105 | D:1      | Reached XP level 2. HP: 25/26 MP: 1/1
   198 | D:1      | Reached skill level 4 in Axes
   311 | D:1      | Reached XP level 3. HP: 31/31 MP: 2/2
  1277 | D:2      | Reached skill level 5 in Axes
  1434 | D:3      | Reached XP level 4. HP: 39/39 MP: 3/3
  1460 | D:3      | Found a radiant altar of Vehumet.
  1480 | D:3      | Reached skill level 6 in Axes
  1849 | D:3      | Found a hide-covered altar of Uskayaw.
  1938 | D:4      | Found Morerr's Distillery.
  1939 | D:4      | Noticed an ogre
  1957 | D:3      | Reached XP level 5. HP: 10/45 MP: 4/4
  2257 | D:3      | Mangled by an ogre

Skill      XL: |  1  2  3  4 |
---------------+-------------+-----
Axes           | 3 4 5 6 |  6.4
Fighting       | |  3.6
Armour         | |  3.6
Shields        | |  3.6

Action                   |  1- 3 |  4- 6 || total
-------------------------+-------+-------++-------
Melee: War axe           |    75 |    37 ||   112
       Headbutt          |    11 |     5 ||    16
  Use: Potion            |       |     1 ||     1
  Eat: Chunk             |     2 |     1 ||     3
Armor: Scale mail        |    26 |       ||    26
       Chain mail        |     5 |    16 ||    21
       Skin              |       |     3 ||     3
Dodge: Dodged            |    15 |     5 ||    20
Block: Shield            |    39 |    19 ||    58
